 Dungeon Crawl Stone Soup version 0.23.2-30-g0e89c35649 (webtiles) character file.

Game seed: 10457266922337959485

59 Brecoman the Vexing (level 4, -3/27 HPs)
             Began as a Kobold Arcane Marksman on June 16, 2019.
             Slain by a worm (10 damage)
             ... on level 2 of the Dungeon.
             The game lasted 00:04:49 (1628 turns).

Brecoman the Vexing (Kobold Arcane Marksman)        Turns: 1628, Time: 00:04:50

Health: -3/27      AC:  4    Str:  7    XL:     4   Next: 22%
Magic:  5/5        EV: 15    Int: 14    God:
Gold:   138        SH:  0    Dex: 16    Spells: 4/5 levels left

rFire    . . .     SeeInvis .   b - +0 short sword
rCold    . . .     Gourm    .   (shield restricted)
rNeg     . . .     Faith    .   e - +0 robe
rPois    .         Spirit   .   (no helmet)
rElec    .         Reflect  .   (no cloak)
rCorr    .         Harm     .   h - +1 pair of gloves
MR       .....                  (no boots)
Stlth    +.........             (no amulet)
HPRegen  0.09/turn              (no ring)
MPRegen  0.09/turn              (no ring)

@: no status effects
A: small, carnivore
a: no special abilities


You were on level 2 of the Dungeon.
You were completely stuffed.

You visited 1 branch of the dungeon, and saw 2 of its levels.

You collected 138 gold pieces.

Inventory:

Hand Weapons
 a - a +0 hand crossbow
 b - a +0 short sword (weapon)
 n - a +1 spear of piercing
Missiles
 d - 11 bolts
 i - 37 stones (quivered)
Armour
 e - a +0 robe (worn)
 h - a +1 pair of gloves (worn)
Jewellery
 k - a +3 ring of protection {unknown}
 m - a +4 amulet of reflection {unknown}
Scrolls
 l - a scroll of teleportation {unknown}
Potions
 c - 2 potions of curing {unknown}
 g - a potion of heal wounds {unknown}
 o - a potion of degeneration {unknown}
Comestibles
 f - 5 rations
 j - 2 chunks of flesh


   Skills:
 + Level 2.5 Fighting
 + Level 0.0 Short Blades
 + Level 3.4 Crossbows
 - Level 2.4 Dodging
 - Level 1.1 Spellcasting
 + Level 3.6 Hexes


You had 4 spell levels left.
You knew the following spells:

 Your Spells              Type           Power        Failure   Level  Hunger
a - Corona                Hex            ##.....      6%          1    ##.....

Your spell library contained the following spells:

 Spells                   Type           Power        Failure   Level  Hunger
 Slow                     Hex            ##......     9%          2    ###....
 Inner Flame              Hex/Fire       #.......     36%         3    ####...
 Portal Projectile        Hex/Tloc       #.....       36%         3    ####...
 Cause Fear               Hex            ##........   50%         4    #####..
 Leda's Liquefaction      Hex/Erth       #.........   77%         4    #####..


Dungeon Overview and Level Annotations

Branches:
Dungeon (2/15)

Altars:


Innate Abilities, Weirdness & Mutations

You are small and have problems with some larger weapons.
You are carnivorous and can eat meat at any time.


Message History

The worm is heavily wounded.
The bat misses you. The bat hits you but does no damage.
You hit the worm.
The worm is severely wounded.
The bat completely misses you. The bat closely misses you.
The worm barely misses you.
You hit the worm.
The worm is almost dead.
The bat hits you. The worm closely misses you.
You hit the worm but do no damage.
The worm is almost dead.
The bat misses you.
You hit the worm.
The worm is almost dead.
The worm bites you!
* * * LOW HITPOINT WARNING * * *
You hit the worm but do no damage.
The worm is almost dead.
The bat hits you but does no damage. The worm bites you!
You die...

############.#
#.# #.# #.#
###.#######
#.........##
#.#.####...#
#....###..##
#..b..@w...#
#.............#
####.#.......##
#..........#
###.###.####
#+# .# .# .#


You could see a worm and a bat.

Vanquished Creatures
  An adder (D:2)
  An ooze (D:1)
  A worm (D:2)
  2 dart slugs (D:1)
  3 leopard geckos
  A ball python (D:1)
  A bat (D:2)
  A giant cockroach (D:1)
  5 goblins
  2 hobgoblins (D:1)
  4 jackals (D:1)
  A quokka (D:2)
  2 frilled lizards (D:1)
  5 kobolds (D:1)
  3 rats (D:1)
33 creatures vanquished.

Vanquished Creatures (others)
  4 toadstools (D:1)
4 creatures vanquished.

Grand Total: 37 creatures vanquished

Notes
Turn   | Place    | Note
-------+----------+-------------------------------------------
     0 | D:1      | Brecoman the Kobold Arcane Marksman began the quest for the
                  | Orb.
     0 | D:1      | Reached XP level 1. HP: 12/12 MP: 2/2
   127 | D:1      | Reached XP level 2. HP: 16/16 MP: 3/3
   635 | D:1      | Reached XP level 3. HP: 21/21 MP: 4/4
  1357 | D:2      | Reached XP level 4. HP: 27/27 MP: 5/5
  1628 | D:2      | Slain by a worm

Skill      XL: |  1  2 |
---------------+-------+-----
Crossbows      | 3 |  3.4
Fighting       | 2 |  2.5
Dodging        | |  2.4
Spellcasting   | |  1.1
Hexes          | |  3.6

Action                   |  1- 3 |  4- 6 || total
-------------------------+-------+-------++-------
Melee: Unarmed           |    51 |       ||    51
       Spear             |     9 |    16 ||    25
       Hand crossbow     |     1 |       ||     1
       Short sword       |       |    41 ||    41
 Fire: Hand crossbow     |    56 |       ||    56
 Cast: Corona            |     9 |       ||     9
  Eat: Chunk             |     9 |     2 ||    11
Armor: Robe              |    12 |    10 ||    22
Dodge: Dodged            |    56 |    58 ||   114
